 Dungeon Crawl Stone Soup version 0.30.0-10-gfe55d96785 (webtiles) character file.

Game seed: 10385173885186504406

211 Pooter the Shooter (level 5, -3/46 HPs)
             Began as a Minotaur Hunter on May 15, 2023.
             Slain by a gnoll sergeant
             ... wielding a +2 trident of protection
              (8 damage)
             ... on level 3 of the Dungeon.
             The game lasted 00:12:34 (1985 turns).

Pooter the Shooter (Minotaur Hunter)                Turns: 1985, Time: 00:12:35

Health: -3/46      AC:  6    Str: 17    XL:     5   Next: 57%
Magic:  4/4        EV: 10    Int:  6    God:
Gold:   82         SH:  0    Dex: 14    Spells: 4/4 levels left

rFire   . . .        a - +1 war axe
rCold   . . .        (no shield)
rNeg    . . .        n - +0 scale mail
rPois   .            (helmet restricted)
rElec   .            (no cloak)
rCorr   .            (no gloves)
SInv    .            (no boots)
Will    .....        d - amulet of the acrobat Stlth
                     (no ring)
HPRegen 0.27/turn    (no ring)
MPRegen 0.09/turn

%: acrobat
@: no status effects
A: horns 2, retaliatory headbutt
a: no special abilities


You were on level 3 of the Dungeon.
You visited 1 branch of the dungeon, and saw 3 of its levels.

You collected 82 gold pieces.

Inventory:

Hand Weapons
 a - a +1 war axe (weapon)
   (You found it on level 3 of the Dungeon)
 b - a +1 shortbow
 h - a +1 whip of holy wrath
   (You found it on level 1 of the Dungeon)
 v - a +1 heavy spear
   (You found it on level 1 of the Dungeon)
Missiles
 q - 9 javelins (quivered)
 r - a boomerang
 Q - 27 stones
Armour
 n - a +0 scale mail (worn)
   (You found it on level 1 of the Dungeon)
Jewellery
 d - an amulet of the acrobat (around neck)
   (You found it on level 3 of the Dungeon)
 s - an amulet of faith {!P}
   (You found it on level 3 of the Dungeon)
Wands
 f - a wand of flame (12)
   (You found it on level 2 of the Dungeon)
Scrolls
 c - a scroll of blinking
 e - 2 scrolls of immolation {!r}
 i - 2 scrolls of noise {unknown}
 k - a scroll of amnesia
 o - a scroll of fog {unknown}
 t - 3 scrolls of teleportation {@r4}
 u - 2 scrolls of vulnerability {unknown}
 x - a scroll of fear {unknown}
Potions
 g - a potion of mutation {unknown}
 j - a potion of brilliance {unknown}
 l - a potion of resistance {unknown}
 m - a potion of heal wounds {@q2}
 p - a potion of lignification {unknown}
 w - a potion of attraction {unknown}


   Skills:
 + Level 3.7 Fighting
 * Level 2.4(3.1) Axes
 - Level 2.9(3.4) Polearms
 * Level 5.8 Ranged Weapons
 - Level 2.1 Dodging
 - Level 0.8 Stealth


You had 4 spell levels left.
You didn't know any spells.
Your spell library contained the following spells:

 Spells                   Type           Power      Damage    Failure   Level
 Ensorcelled Hibernation  Hex/Ice        0%         N/A       95%         2
 Lesser Beckoning         Tloc           0%         N/A       95%         2
 Passwall                 Tmut/Erth      0%         N/A       95%         2
 Gell's Gravitas          Tloc           0%         N/A       99%         3
 Swiftness                Air            0%         N/A       99%         3
 Teleport Other           Tloc           0%         N/A       99%         3


Dungeon Overview and Level Annotations

Branches:
Dungeon (3/15)

Altars:


Innate Abilities, Weirdness & Mutations

You have a pair of horns on your head.
You reflexively headbutt those who attack you in melee.


Message History

The ball python hisses angrily.
Found a ring mail.
There is an open door here.
The ball python completely misses you. You furiously retaliate!
You headbutt the ball python!
You kill the ball python!
The dart slug launches a dart at you. The slug dart misses you.
The dart slug barely misses you. You furiously retaliate!
You headbutt the dart slug.
You see here a ball python corpse.
You slash the dart slug!
You kill the dart slug!
There is an open door here.
You open the door.
A gnoll sergeant, an orc, a kobold brigand and 2 bats come into view.
The gnoll sergeant is wielding a +2 trident of protection.
The orc is wielding a +0 dagger and wearing a +0 leather armour of cold resistance.
The kobold brigand is wielding a +0 dagger and quivering curare-tipped darts.
The orc shouts!
The kobold brigand shouts!
You slash the bat!
You kill the bat!
The bat hits you but does no damage.
You slash the bat!
You kill the bat!
You slash the orc!
You kill the orc!
Found 14 gold pieces, a scroll of teleportation and a scroll of amnesia.
The gnoll sergeant closely misses you.
The kobold brigand hits you but does no damage.
There is an open door here.
Items here: ) [ †††.
You hit the gnoll sergeant but do no damage.
You hit the kobold brigand.
The gnoll sergeant hits you with a +2 trident of protection!
The kobold brigand hits you with a +0 dagger.
The gnoll sergeant hits you with a +2 trident of protection!
* * * LOW HITPOINT WARNING * * *
The kobold brigand closely misses you.
You closely miss the gnoll sergeant. You miss the kobold brigand.
The gnoll sergeant hits you with a +2 trident of protection!
* * * LOW HITPOINT WARNING * * *
The kobold brigand barely misses you. You furiously retaliate!
You headbutt the kobold brigand! You closely miss the gnoll sergeant.
You slash the kobold brigand!
You kill the kobold brigand!
The gnoll sergeant hits you with a +2 trident of protection!
* * * LOW HITPOINT WARNING * * *
Your base Axes skill increases to level 2!
You closely miss the gnoll sergeant.
The gnoll sergeant hits you with a +2 trident of protection!
You die...

##..##..#'#...##.##
##.#.##.##.##...#..#
##.###...#...#....#.# #.##
##.#######.#.#.#
##.###..#....[#.#...#
##...#...'.†...#..####
....#.#.#########.##
....#...#?.....)#..##############
........#$.....g@................
.....#..#?......#.#####.#####.###
........#########.# #.# #.#
.....#...'.)...#..# #.# #.###
.........#....[#..#####.### #....
####..#..#######..........# #####
#......#...#....######.#
####....#.##.##.#.## #.#
......#....#)#..#.# #.#######


You could see a gnoll sergeant.

Vanquished Creatures
  A kobold brigand (D:3)
  An orc wizard (D:3)
  4 adders
  A worm (D:2)
  A dart slug (D:3)
  11 orcs (D:3)
  8 bats
  2 endoplasms
  3 giant cockroaches
  3 goblins
  5 hobgoblins
  4 jackals (D:2)
  3 kobolds
  A quokka (D:3)
  9 ball pythons
  5 frilled lizards
  7 rats
69 creatures vanquished.

Notes
Turn   | Place    | Note
-------+----------+-------------------------------------------
     0 | D:1      | Pooter the Minotaur Hunter began the quest for the Orb.
     0 | D:1      | Reached XP level 1. HP: 18/18 MP: 0/0
   294 | D:1      | Reached skill level 1 in Polearms
   294 | D:1      | Reached XP level 2. HP: 25/25 MP: 1/1
   897 | D:2      | Reached XP level 3. HP: 30/30 MP: 2/2
  1039 | D:2      | Reached skill level 5 in Ranged Weapons
  1371 | D:3      | Found a faded altar of an unknown god.
  1389 | D:3      | Reached XP level 4. HP: 38/38 MP: 3/3
  1779 | D:3      | Reached skill level 1 in Axes
  1912 | D:3      | Reached XP level 5. HP: 45/45 MP: 4/4
  1985 | D:3      | Slain by a gnoll sergeant

Illustrated notes

Levels and vault maps discovered:
D:1:      dpeg_arrival_pits, layout_basic, hex_tiny
D:2:      wad_lake_hut, layout_basic
D:3:      layout_loops_ring, serial_shops, shop, shapermc_ecumenical_altar_venn,
          minmay_divided_ellipse

Skill      XL: |  1  2  3  4  5 |
---------------+----------------+-----
Polearms       | 1 2 |  2.9
Ranged Weapons | 5 |  5.8
Fighting       | 3 |  3.7
Axes           | 1 2 |  2.4
Dodging        | |  2.1
Stealth        | |  0.8

Action                     |  1- 3 |  4- 6 || total
---------------------------+-------+-------++-------
  Melee: Spear             |    23 |     7 ||    30
         Whip              |     1 |       ||     1
         War axe           |       |    28 ||    28
         Headbutt          |       |     4 ||     4
   Fire: Shortbow          |    63 |    27 ||    90
  Evoke: Wand              |       |     1 ||     1
    Use: Scroll            |     5 |     1 ||     6
 Armour: Leather armour    |     1 |       ||     1
         Scale mail        |    19 |    17 ||    36
  Dodge: Dodged            |    26 |    19 ||    45
